 Dungeon Crawl Stone Soup version 0.29-a0-364-g921d912d32 (webtiles) character file.

Game seed: 18078813967548484067

103 lesaewzxc the Ducker (level 4, 0/34 HPs)
             Began as a Demonspawn Gladiator on Apr 30, 2022.
             Succumbed to a water moccasin's poison
             ... on level 4 of the Dungeon.
             The game lasted 00:17:37 (2590 turns).

lesaewzxc the Ducker (Demonspawn Gladiator)         Turns: 2590, Time: 00:17:37

Health: 0/34       AC:  7    Str: 16    XL:     4   Next: 51%
Magic:  4/4        EV: 12    Int:  9    God:
Gold:   138        SH:  3    Dex: 15    Spells: 1/3 levels left

rFire   . . .      SeeInvis .   a - +0 long sword
rCold   . . .      Faith    .   h - +0 buckler
rNeg    . . .      Spirit   .   b - +0 leather armour
rPois   .          Reflect  .   c - +0 helmet
rElec   .          Harm     .   k - scarf {+Inv}
rCorr   .          Rampage  .   i - +0 pair of gloves
Will    .....                   (no boots)
Stlth   +.........              (no amulet)
HPRegen 0.11/turn               (no ring)
MPRegen 0.09/turn               (no ring)

@: lethally poisoned (0 -> -7)
A: claws 1, slimy green scales 1
a: Evoke Invisibility


You were on level 4 of the Dungeon.
You visited 1 branch of the dungeon, and saw 4 of its levels.

You collected 138 gold pieces.

Inventory:

Hand Weapons
 a - a +0 long sword (weapon)
Missiles
 d - 3 throwing nets
 e - a javelin
 g - 9 boomerangs
 j - 20 poisoned darts
Armour
 b - a +0 leather armour (worn)
 c - a +0 helmet (worn)
 h - a +0 buckler (worn)
 i - a +0 pair of gloves (worn)
 k - a scarf of invisibility (worn)
Scrolls
 l - a scroll of magic mapping
 m - a scroll of identify
 n - a scroll of enchant armour
 q - a scroll of blinking {unknown}
Potions
 o - a potion of brilliance {unknown}
 p - 2 potions of curing {unknown}


   Skills:
 * Level 2.6 Fighting
 * Level 3.1 Long Blades
 * Level 2.5 Throwing
 * Level 1.2 Armour
 * Level 3.2 Dodging
 + Level 0.2 Stealth
 + Level 0.1 Shields
 + Level 0.4 Spellcasting
 + Level 0.7 Invocations


You had one spell level left.
You knew the following spells:

 Your Spells              Type           Power      Damage    Failure   Level
a - Blink                 Tloc           0%         N/A       69%         2

Your spell library contained the following spells:

 Spells                   Type           Power      Damage    Failure   Level
 Manifold Assault         Tloc           0%         N/A       100%        5
 Storm Form               Tmut/Air       0%         N/A       100%        7


Dungeon Overview and Level Annotations

Branches:
Dungeon (4/15)
 Temple: D:4-7

Altars:
Gozag


Innate Abilities, Weirdness & Mutations

You have sharp fingernails.
You are partially covered in slimy green scales. (AC +2)


Message History

You miss the water moccasin.
The endoplasm quivers.
The water moccasin bites you.
You are poisoned.
The water moccasin poisons you! The water moccasin closely misses you.
You hit the water moccasin but do no damage.
You feel very sick.
The water moccasin bites you but does no damage.
The water moccasin bites you.
You closely miss the water moccasin.
You feel very sick.
The water moccasin bites you but does no damage.
You block the water moccasin's attack.
You feel sick. The water moccasin barely misses you.
You feel sick.
The water moccasin bites you but does no damage.
You barely miss the water moccasin.
You feel sick. The water moccasin bites you.
* * * LOW HITPOINT WARNING * * *
As you read the scroll of teleportation, it crumbles to dust.
You feel strangely unstable.
You feel sick.
The water moccasin bites you but does no damage.
You block the water moccasin's attack.
The water moccasin attacks as you move away!
The water moccasin bites you.
* * * LOW HITPOINT WARNING * * *
You feel sick.
You feel sick.
The endoplasm jiggles.
The water moccasin barely misses you.
The water moccasin attacks as you move away!
The water moccasin bites you.
* * * LOW HITPOINT WARNING * * *
You are lethally poisoned!
The water moccasin poisons you!
* * * LOW HITPOINT WARNING * * *
You feel very sick.
Your surroundings suddenly seem different.
Found 27 stones, a dark potion and a mace.
You die...

###########
.........
#..!.#
#.@(.#
+....+
#...)#
###### #.#.
#... ###.


There were no monsters in sight!

Vanquished Creatures
  3 gnolls (D:2)
  2 adders
  2 worms
  2 dart slugs
  3 bats
  A giant cockroach (D:2)
  4 goblins
  3 hobgoblins
  7 jackals
  A quokka (D:1)
  9 ball pythons
  2 frilled lizards (D:1)
  4 kobolds
  3 rats
46 creatures vanquished.

Vanquished Creatures (others)
  5 plants (D:2)
5 creatures vanquished.

Grand Total: 51 creatures vanquished

Notes
Turn   | Place    | Note
-------+----------+-------------------------------------------
     0 | D:1      | lesaewzxc the Demonspawn Gladiator began the quest for the
                  | Orb.
     0 | D:1      | Reached XP level 1. HP: 16/16 MP: 1/1
   298 | D:1      | Gained mutation: You have sharp fingernails. [demonic
                  | ancestry]
   298 | D:1      | Reached XP level 2. HP: 20/22 MP: 2/2
   325 | D:1      | Found a faded altar of an unknown god.
   651 | D:2      | Gained mutation: You are partially covered in slimy green
                  | scales. (AC +2) [demonic ancestry]
   651 | D:2      | Reached XP level 3. HP: 27/27 MP: 3/3
  1126 | D:2      | Reached skill level 1 in Armour
  1153 | D:2      | Reached XP level 4. HP: 9/34 MP: 4/4
  1186 | D:2      | Learned a level 2 spell: Blink
  2009 | D:3      | Found an opulent altar of Gozag.
  2576 | D:4      | Noticed a water moccasin
  2589 | D:4      | HP: 1/34 [poisoned by a water moccasin]
  2590 | D:4      | Succumbed to a water moccasin's poison

Illustrated notes

Levels and vault maps discovered:
D:1:      saegor_arrival_simple_c, layout_rooms,
          dreamdust_ecumenical_altar_statues
D:2:      layout_basic, serial_forest, infiniplex_forest_zigzag_1,
          infiniplex_forest_straight_1, infiniplex_forest_end_3,
          infiniplex_forest_clump_double, infiniplex_forest_clump_medium,
          infiniplex_forest_lined_room_2, infiniplex_forest_end_double,
          infiniplex_forest_lined_ring
D:3:      layout_basic, general_overflow_altar
D:4:      layout_basic, minmay_manual_moon, uniq_sigmund,
          uniq_crazy_yiuf_cottage, uniq_robin

Skill      XL: |  1  2  3 |
---------------+----------+-----
Throwing       | 2 |  2.5
Dodging        | 3 |  3.2
Long Blades    | 3 |  3.1
Armour         | 1 |  1.2
Fighting       | |  2.6
Stealth        | |  0.2
Shields        | |  0.1
Spellcasting   | |  0.4
Invocations    | |  0.7

Action                   |  1- 3 |  4- 6 || total
-------------------------+-------+-------++-------
Melee: Long sword        |    94 |    44 ||   138
       Unarmed           |     1 |       ||     1
       Punch             |     1 |       ||     1
Throw: Boomerang         |     6 |     1 ||     7
       Dart              |     3 |       ||     3
 Cast: Blink             |       |     1 ||     1
  Use: Potion            |     2 |       ||     2
       Scroll            |     1 |     6 ||     7
Armor: Leather armour    |    50 |    15 ||    65
Dodge: Dodged            |    79 |    32 ||   111
Block: Buckler           |    17 |     7 ||    24

Table legend: (Time is in decaauts)
 A = Elapsed time spent in this place.
 B = Non-inter-level travel time spent in this place.
 C = Inter-level travel time spent in this place.
 D = Time resting spent in this place.
 E = Time spent auto-exploring this place.
 F = Levels seen in this place.
 G = Mean time per level.
                   A        B        C        D        E       F      G
               +--------+--------+--------+--------+--------+-----+--------+
         Total |   2628 |   2600 |     28 |      0 |    654 |   4 |  657.0 |
       Dungeon |   2628 |   2600 |     28 |      0 |    654 |   4 |  657.0 |
               +--------+--------+--------+--------+--------+-----+--------+

Top non-repeatable levels by time:
     D:2: 1235 daAuts
     D:3: 735 daAuts
     D:1: 592 daAuts
     D:4: 64 daAuts
